 Zot Defence DCSS version 0.15.2 (webtiles) character file.

1969 Jb9000 the Covered (level 9, -5/74 (78) HPs)
             Began as a Minotaur Fighter on June 22, 2015.
             Was an Initiate of Okawaru.
             Slain by a big kobold
             ... wielding a +0 short sword
              (6 damage)
             ... in the Realm of Zot (Scenario I: Hall of Zot).
             The game lasted 00:21:51 (1137 turns).

Jb9000 the Covered (Minotaur Fighter)               Turns: 1137, Time: 00:21:54

HP  -5/74 (78)   AC -41    Str 23      XL: 9   Next:  0%
MP   4/4         EV  7     Int  5      God: Okawaru [......]
Gold 0           SH 11     Dex 11      Spells:  0 memorised,  8 levels left

rFire  . . .     SeeInvis .     a - +0 long sword
rCold  . . .     Clarity  .     b - +0 scale mail
rNeg   . . .     rCorr    .     c - +0 shield
rPois  .         rRot     .     (helmet restricted)
rElec  .         Spirit   .     (no cloak)
SustAb .         Warding  .     (no gloves)
rMut   .         Stasis   .     (no boots)
Gourm  .                        (no amulet)
MR     .....                    (no ring)
                                (no ring)

@: corroded equipment, very slightly contaminated, hasted, very quick, not
resistant to hostile enchantments, extremely unstealthy
A: retaliatory headbutt, horns 2
a: Make oklob sapling, Make arrow trap, Make plant, Remove Curse, Make burning
bush, Make altar, Make grenades, Make oklob plant, Make net trap, Make ice
statue, Renounce Religion


You were in the Realm of Zot.
You worshipped Okawaru.
Okawaru was noncommittal.
You were not hungry.

You visited 1 branch

Inventory:

Hand weapons
 a - a +0 long sword (weapon)
 j - a +0 dire flail
 l - a +0 whip
 m - a +1 dagger of holy wrath
Missiles
 g - 5 stones (quivered)
Armour
 b - a +0 scale mail (worn)
 c - a +0 shield (worn)
 e - a +0 scale mail
Comestibles
 f - a bread ration
Scrolls
 k - a scroll of blinking
Potions
 i - 2 potions of magic


   Skills:
 + Level 6.7 Fighting
 * Level 5.8(6.0) Short Blades
 - Level 2.6(4.8) Long Blades
 + Level 0.2 Throwing
 + Level 7.8 Armour
 + Level 4.5 Dodging
 + Level 7.6 Shields


You had 8 spell levels left.
You didn't know any spells.

Dungeon Overview and Level Annotations

Branches:
    Zot (1/1)

Altars:
Okawaru


Innate Abilities, Weirdness & Mutations

You reflexively headbutt those who attack you in melee.
You have a pair of horns on your head.


Message History

You hit the big kobold but do no damage.
Your headbutt misses the big kobold.
The big kobold is moderately wounded.
The goblin unwields an uncursed club.
The goblin wields a hunting sling.
The goblin shoots a stone.
The stone hits your oklob plant but does no damage.
The ogre hits your plant but does no damage.
Your oklob sapling spits acid at the big kobold.
The splash of acid hits the gnoll shaman.
Your oklob plant spits acid at the big kobold.
The splash of acid hits the gnoll shaman.
The acid corrodes the gnoll shaman's equipment!
The gnoll shaman dies!
You have reached level 9!
Your experience leads to an increase in your attributes!
Increase (S)trength, (I)ntelligence, or (D)exterity?
You feel stronger.
Your Zot abilities now extend through the making of ice statues.
The big kobold hits you with a short sword.
You die...

▓▓▓▓▓▓▓▓ ▓▓▓▓▓▓▓▓ ....▓▓▓▓
▓▓▓▓.... .......▓▓▓ ▓▓▓.......
.........▓▓ ▓▓.........
..........▓ ▓▓▓▓▓▓▓▓▓ ▓..........
..........▓▓▓..._...▓▓▓..........
..........▓▓....O....▓▓..........
..........▓g.PPPPPPP%.▓..........
..........K)gP^K@)^))P...........
..........▓.P%PPPPP%P(▓..........
..........▓▓.........▓▓..........
..........▓▓▓.......▓▓▓..........
..........# ▓▓▓▓▓▓▓▓▓ #..........
.........## ##.........
.......### ###....... ....####
####.... ######### #########


You could see a big kobold, an ogre, a hobgoblin, a goblin, a kobold, 2 friendly
oklob plants and 2 friendly oklob saplings.

Vanquished Creatures
  A gargoyle (Zot)
  2 ogres (Zot)
  3 jellies (Zot)
  An iguana (Zot)
  A sheep (Zot)
  Terence (Zot)
  A giant mite (Zot)
  3 worms (Zot)
  6 oozes (Zot)
  An orc (Zot)
  4 giant cockroaches (Zot)
  4 goblins (Zot)
  5 hobgoblins (Zot)
  A jackal (Zot)
  3 ball pythons (Zot)
  8 bats (Zot)
  A giant newt (Zot)
  3 kobolds (Zot)
  5 rats (Zot)
54 creatures vanquished.

Vanquished Creatures (collateral kills)
  2 ogres (Zot)
  A gnoll shaman (Zot)
  2 sheep (Zot)
  3 adders (Zot)
  A green rat (Zot)
  2 orcs (Zot)
  2 giant cockroaches (Zot)
  8 goblins (Zot)
  9 hobgoblins (Zot)
  5 bats (Zot)
  A giant gecko (Zot)
  2 giant newts (Zot)
  5 kobolds (Zot)
  2 rats (Zot)
45 creatures vanquished.

Vanquished Creatures (others)
  An oklob sapling (Zot)
  2 goblins (Zot)
  A hobgoblin (Zot)
  5 kobolds (Zot)
  3 giant newts (Zot)
  A rat (Zot)
13 creatures vanquished.

Grand Total: 112 creatures vanquished

Notes
Turn   | Place    | Note
--------------------------------------------------------------
     0 | Zot      | Jb9000, the Minotaur Fighter, began the quest for the Orb.
     0 | Zot      | Reached XP level 1. HP: 19/19 MP: 1/1
   217 | Zot      | Reached XP level 2. HP: 27/27 MP: 1/1
   233 | Zot      | Reached skill level 4 in Fighting
   261 | Zot      | Reached XP level 3. HP: 13/33 MP: 2/2
   341 | Zot      | Noticed Phanuuli
   356 | Zot      | Killed Phanuuli the ogre
   356 | Zot      | Reached skill level 5 in Fighting
   356 | Zot      | Reached skill level 5 in Armour
   356 | Zot      | Reached skill level 1 in Dodging
   356 | Zot      | Reached XP level 4. HP: 19/42 MP: 2/2
   356 | Zot      | Reached XP level 5. HP: 21/48 MP: 2/2
   356 | Zot      | Reached XP level 6. HP: 24/56 MP: 3/3
   388 | Zot      | Became a worshipper of Warmaster Okawaru
   412 | Zot      | Reached skill level 5 in Shields
   542 | Zot      | Noticed Terence
   549 | Zot      | Killed Terence
   700 | Zot      | Reached XP level 7. HP: 58/58 MP: 3/3
   842 | Zot      | Noticed Clat
   866 | Zot      | HP: 2/87 [Clat the gargoyle/dire flail (17)]
   867 | Zot      | Killed Clat the gargoyle
   867 | Zot      | Reached skill level 6 in Fighting
   867 | Zot      | Reached skill level 7 in Armour
   867 | Zot      | Reached XP level 8. HP: 2/67 MP: 3/3
   948 | Zot      | Reached skill level 5 in Short Blades
  1132 | Zot      | HP: 1/67 [big kobold/short sword (3)]
  1137 | Zot      | Reached XP level 9. HP: 1/74 MP: 4/4
  1137 | Zot      | Slain by a big kobold

Action                   |  1- 3 |  4- 6 |  7- 9 || total
-------------------------+-------+-------+-------++-------
Melee: Long sword        |    19 |       |    12 ||    31
       Dagger            |    32 |    36 |   113 ||   181
Throw: Stone             |       |       |     5 ||     5
 Abil: Make arrow trap   |     2 |       |       ||     2
       Make oklob saplin |       |     2 |     1 ||     3
       Make altar        |       |     1 |       ||     1
       Make plant        |       |       |    12 ||    12
       Make oklob plant  |       |       |     2 ||     2
  Use: Potion            |     3 |       |     4 ||     7
